 Dungeon Crawl Stone Soup version 0.29-a0-275-g389c0b56f3 (webtiles) character file.

Game seed: 5969784243434714171

187 Leszczynek the Chopper (level 5, -1/38 HPs)
             Began as a Human Gladiator on Mar 11, 2022.
             Was an Initiate of Ashenzari.
             Slain by a jelly (2 damage)
             ... on level 4 of the Dungeon.
             The game lasted 00:05:00 (652 turns).

Leszczynek the Chopper (Human Gladiator)             Turns: 652, Time: 00:05:00

Health: -1/38      AC:  7    Str: 17    XL:     5   Next: 99%
Magic:  5/5        EV: 11    Int:  8    God:    Ashenzari [......]
Gold:   131        SH:  0    Dex: 14    Spells: 4/4 levels left

rFire   . . .      SeeInvis .   a - +0 war axe
rCold   . . .      Faith    .   (no shield)
rNeg    . . .      Spirit   .   m - +0 ring mail
rPois   .          Reflect  .   c - +0 helmet
rElec   .          Harm     .   (no cloak)
rCorr   .          Rampage  .   (no gloves)
Will    +....                   l - +0 pair of boots
Stlth   +.........              (no amulet)
HPRegen 0.12/turn               g - ring of willpower
MPRegen 0.09/turn               (no ring)

@: no status effects
A: no striking features
a: Renounce Religion, Curse Item


You were on level 4 of the Dungeon.
You worshipped Ashenzari.
Ashenzari was noncommittal.
You visited 1 branch of the dungeon, and saw 4 of its levels.

You collected 131 gold pieces.

Inventory:

Hand Weapons
 a - a +0 war axe (weapon)
 o - a +0 morningstar
Missiles
 e - a javelin
 n - 3 throwing nets (quivered)
Armour
 b - a +0 leather armour
 c - a +0 helmet (worn)
 l - a +0 pair of boots (worn)
 m - a +0 ring mail (worn)
Jewellery
 g - a ring of willpower (left hand)
 p - a ring of flight
Wands
 d - a wand of charming (1)
Scrolls
 f - a scroll of summoning {unknown}
 h - a scroll of noise {unknown}
 j - a scroll of immolation {unknown}
 k - a scroll of teleportation {unknown}
 q - a scroll of identify {unknown}
Potions
 i - a potion of mutation {unknown}


   Skills:
 + Level 2.0 Fighting
 - Level 6.2 Axes
 - Level 2.0 Throwing
 - Level 3.0 Dodging


You had 4 spell levels left.
You didn't know any spells.
Your spell library was empty.

Dungeon Overview and Level Annotations

Branches:
Dungeon (4/15)
 Temple: D:4-7

Altars:
Ashenzari


Message History

You hit the black bear but do no damage.
The black bear is heavily wounded.
The black bear bites you.
The black bear claws you but does no damage.
The black bear claws you.
You barely miss the black bear.
The black bear is heavily wounded.
The black bear barely misses you.
The black bear claws you but does no damage. x2
You closely miss the black bear.
The black bear is heavily wounded.
The black bear bites you. The black bear barely misses you.
The black bear claws you but does no damage.
The black bear bites you.
* * * LOW HITPOINT WARNING * * *
The black bear claws you but does no damage. x2
You hit the black bear.
The black bear is severely wounded.
The black bear bites you.
* * * LOW HITPOINT WARNING * * *
The black bear misses you. The black bear barely misses you.
You slash the black bear!
You kill the black bear!
A ball python comes into view.
Your Axes skill increases to level 6!
The ball python hisses angrily.
A jelly comes into view.
The jelly quivers.
You hit the ball python.
You kill the ball python!
You see here a ball python corpse.
You slash the jelly!
Your hands burn!
* * * LOW HITPOINT WARNING * * *
The jelly is almost dead.
The jelly closely misses you.
You hit the jelly but do no damage.
Your hands burn!
* * * LOW HITPOINT WARNING * * *
The jelly is almost dead.
The jelly hits you.
You die...

..#. .....##
######
#...#.##....##
.##.....#.....#
..!.....#....#
............#
..........#####
.........†<...#..#
........J@.......#
...........#..##.#
.........#.#.$#
.........#.# .#
..........# ##
...........
.......[..
#.......#..


You could see a jelly.

Vanquished Creatures
  A black bear (D:4)
  Ijyb (D:3)
  A hound zombie (D:3)
  2 adders
  An adder skeleton (D:3)
  2 worms (D:3)
  3 dart slugs
  3 ball pythons
  3 bats
  2 endoplasms
  2 giant cockroaches
  3 hobgoblins
  2 quokkas
  4 goblins
  A jackal skeleton (D:3)
  A kobold (D:2)
  2 rats
34 creatures vanquished.

Notes
Turn   | Place    | Note
-------+----------+-------------------------------------------
     0 | D:1      | Leszczynek the Human Gladiator began the quest for the Orb.
     0 | D:1      | Reached XP level 1. HP: 16/16 MP: 1/1
   170 | D:1      | Reached XP level 2. HP: 20/22 MP: 2/2
   284 | D:2      | You fall into a shaft and drop 1 floor!
   297 | D:3      | Reached skill level 4 in Axes
   297 | D:3      | Reached XP level 3. HP: 26/27 MP: 3/3
   300 | D:3      | Noticed Ijyb
   323 | D:3      | Killed Ijyb
   324 | D:3      | Reached XP level 4. HP: 29/33 MP: 4/4
   339 | D:3      | Reached skill level 5 in Axes
   447 | D:2      | Reached XP level 5. HP: 38/38 MP: 5/5
   531 | D:2      | Found a faded altar of an unknown god.
   538 | D:2      | Prayed at the altar of an unknown god.
   538 | D:2      | Became a worshipper of Ashenzari the Shackled
   630 | D:4      | Noticed a black bear
   642 | D:4      | HP: 7/38 [black bear (1)]
   643 | D:4      | Killed a black bear
   644 | D:4      | Reached skill level 6 in Axes
   651 | D:4      | HP: 5/38 [acid (3)]
   652 | D:4      | HP: 1/38 [acid (5)]
   652 | D:4      | Slain by a jelly

Illustrated notes

Levels and vault maps discovered:
D:1:      heliophobic_arrival_dark_side_of_the_moon, layout_basic
D:2:      layout_loops_ring, dilly_ecumenical_altar_fadedgnrine
D:3:      minmay_general_purpose_star, layout_rooms, serial_undead,
          serial_undead_d, serial_undead_c, serial_undead_d, serial_undead_e,
          hangedman_abyss_or_decor_lesser_grid, kennysheep_generic_room_15,
          uniq_ijyb, uniq_grinder
D:4:      layout_cave_pools, minmay_stone_trees_small

Skill      XL: |  1  2  3  4  5 |
---------------+----------------+-----
Axes           | 4 5 6 |  6.2
Fighting       | |  2.0
Throwing       | |  2.0
Dodging        | |  3.0

Action                   |  1- 3 |  4- 6 || total
-------------------------+-------+-------++-------
Melee: War axe           |    51 |    40 ||    91
       Punch             |     1 |       ||     1
Throw: Throwing net      |     3 |       ||     3
 Stab: Sleeping          |     1 |       ||     1
Armor: Leather armour    |    10 |       ||    10
       Ring mail         |    22 |    18 ||    40
Dodge: Dodged            |    45 |    34 ||    79

Table legend: (Time is in decaauts)
 A = Elapsed time spent in this place.
 B = Non-inter-level travel time spent in this place.
 C = Inter-level travel time spent in this place.
 D = Time resting spent in this place.
 E = Time spent auto-exploring this place.
 F = Levels seen in this place.
 G = Mean time per level.
                   A        B        C        D        E       F      G
               +--------+--------+--------+--------+--------+-----+--------+
         Total |    679 |    679 |      0 |      0 |      0 |   4 |  169.8 |
       Dungeon |    679 |    679 |      0 |      0 |      0 |   4 |  169.8 |
               +--------+--------+--------+--------+--------+-----+--------+

Top non-repeatable levels by time:
     D:1: 246 daAuts
     D:3: 233 daAuts
     D:2: 174 daAuts
     D:4: 24 daAuts
